 Dungeon Sprint DCSS version 0.29.1-12-g30fa7ad0bf (webtiles) character file.

Game seed: 16911195134865758988

21195 112233 the Bludgeoner (level 12, -10/136 HPs)
             Began as a Troll Gladiator on Dec 25, 2022.
             Was the Champion of the Shining One.
             Mangled by a vampire knight
             ... wielding a +2 war axe
              (12 damage)
             ... in the Dungeon (Sprint IX: "|||||||||||||||||||||||||||||").
             The game lasted 00:07:37 (2758 turns).

112233 the Bludgeoner (Troll Gladiator)             Turns: 2758, Time: 00:07:37

Health: -10/136    AC: 15    Str: 33    XL:     12   Next: 52%
Magic:  6/19       EV: 17    Int:  4    God:    the Shining One [******]
Gold:   733        SH: 10    Dex: 21    Spells: 11/11 levels left

rFire   . . .      SeeInvis .   o - +0 dire flail
rCold   . . .      Faith    .   (shield currently unavailable)
rNeg    + + +      Spirit   .   H - +0 pearl dragon scales
rPois   .          Reflect  .   c - +1 hat
rElec   .          Harm     .   y - -1 cloak of the Evening Star {Dex+5}
rCorr   .          Rampage  .   (gloves unavailable)
Will    .....      NoTele   +   (boots unavailable)
Stlth   ..........              (no amulet)
HPRegen 1.12/turn               m - +3 ring of dexterity
MPRegen 0.16/turn               z - +6 ring of strength

@: divinely shielded, glowing
A: large, unfitting armour, claws 3, regeneration 1, shaggy fur 1, tough skin 1
a: Renounce Religion, Divine Shield, Cleansing Flame, Summon Divine Warrior,
Brand Weapon With Holy Wrath


You were in the Dungeon.
You worshipped the Shining One.
The Shining One was exalted by your worship.
You visited 1 branch You collected 1493 gold pieces.
You spent 760 gold pieces at shops.

Inventory:

Hand Weapons
 a - a +0 flail
 h - a +0 longbow
 o - a +0 dire flail (weapon)
 x - a +2 arbalest of flaming
 D - a +1 great mace
 E - the +8 storm bow {elec, penet}
   (You found it in the Dungeon)

   Any ammunition fired from it occasionally discharges a powerful burst of
   electricity upon striking a foe.
   Any ammunition fired by it passes through the targets it hits, potentially
   hitting all targets in its path until it reaches maximum range.
 F - a +2 vorpal great mace
Missiles
 d - 3 throwing nets
 e - 9 large rocks (quivered)
 g - 5 poisoned darts
Armour
 b - a +0 robe
 c - a +1 hat (worn)
 r - a +4 troll leather armour
 y - the -1 cloak of the Evening Star (worn) {Dex+5}
   (You bought it in a shop in the Dungeon)

   Dex:       It affects your dexterity (+5).
 G - +0 swamp dragon scales
 H - +0 pearl dragon scales (worn)
 I - +1 ice dragon scales
 J - +0 shadow dragon scales
Jewellery
 m - a +3 ring of dexterity (left claw)
 n - a +3 ring of dexterity
 u - a ring of poison resistance
 z - a +6 ring of strength (right claw)
 A - a ring of fire
 B - a ring of willpower
 C - a +6 ring of strength
Wands
 l - a wand of quicksilver (2)
Scrolls
 j - 3 scrolls of amnesia
 v - a scroll of identify
 w - 6 scrolls of enchant weapon
 K - 2 scrolls of fear
 L - 2 scrolls of enchant armour
Potions
 f - a potion of curing
 i - 4 potions of magic
 p - 2 potions of might
 q - a potion of resistance
 s - 3 potions of brilliance
 t - a potion of ambrosia
 M - a potion of mutation


   Skills:
 + Level 13.6 Fighting
 + Level 17.7 Maces & Flails
 - Level 7.9 Throwing
 * Level 4.9 Armour
 + Level 13.7 Dodging
 + Level 10.8 Invocations


You had 11 spell levels left.
You didn't know any spells.
Your spell library was empty.

Dungeon Overview and Level Annotations

Branches:
Dungeon (1/1)

Altars:
Cheibriados
Dithmenos
Elyvilon
Fedhas
Gozag
Hepliaklqana
Kikubaaqudgha
Makhleb
Nemelex Xobeh
Okawaru
Qazlal
Ru
Sif Muna
Trog
Uskayaw
Vehumet
Wu Jian
Xom
Yredelemnul
Zin
The Shining One
Jiyva
Lugonu

Shops:
D =[[[


Innate Abilities, Weirdness & Mutations

You are too large for most types of armour.
You have claws for hands.
Your natural rate of healing is unusually fast.
You are covered in fur. (AC +1)
You have tough skin. (AC +1)


Message History

The vampire knight misses you. The vampire knight bites you.
Unknown command.
You hit the vampire knight but do no damage.
The vampire knight is lightly damaged.
The vampire knight hits you with a +2 war axe!!
* * * LOW HITPOINT WARNING * * *
The vampire knight bites you!
* * * LOW HITPOINT WARNING * * *
Okay, then.
Blink to where?
Press: ? - help, Dir - move target
As you read the scroll of blinking, it crumbles to dust.
The vampire knight gestures at you while chanting.
The vampire knight blinks!
Unknown command.
Okay, then.
You feel better.
The vampire knight barely misses you. x2
The vampire knight hits you with a +2 war axe!!
* * * LOW HITPOINT WARNING * * *
You block the vampire knight's attack.
You feel better.
The vampire knight completely misses you.
You block the vampire knight's attack.
You feel better.
The vampire knight hits you with a +2 war axe!
* * * LOW HITPOINT WARNING * * *
The vampire knight bites you but does no damage.
The vampire knight hits you with a +2 war axe!
* * * LOW HITPOINT WARNING * * *
The vampire knight closely misses you.
Okay, then.
You feel better. You block the vampire knight's attack.
The vampire knight bites you.
* * * LOW HITPOINT WARNING * * *
You feel better.
The vampire knight hits you with a +2 war axe!
* * * LOW HITPOINT WARNING * * *
The vampire knight closely misses you.
The vampire knight hits you with a +2 war axe!
You die...

▓▓▓▓▓▓▓▓▓▓▓▓▓▓▓▓▓▓▓▓▓▓▓▓▓▓▓▓▓▓▓
)).[.[..[.[....V@A.C.R.C(C[R.C.
▓▓▓▓▓▓▓▓▓▓▓▓▓▓▓▓▓▓▓▓▓▓▓▓▓▓▓▓▓▓▓▓▓
........................)........
▓▓▓▓▓▓▓▓▓▓▓▓▓▓▓▓▓▓▓▓▓▓▓▓▓▓▓▓▓▓▓▓▓
......'))))))))....)).)..∩.∩.∩)∩.
▓▓▓▓▓▓▓▓▓▓▓▓▓▓▓▓▓▓▓▓▓▓▓▓▓▓▓▓▓▓▓▓▓
.................................
▓▓▓▓▓▓▓▓▓▓▓▓▓▓▓▓▓▓▓▓▓▓▓▓▓▓▓▓▓▓▓▓▓
'.†.......'.........†††........[.


You could see a frost giant, a fire giant, a vampire knight (fast, invisible,
ally target), a rakshasa and a friendly angel (summoned).

Vanquished Creatures
  Josephine (D)
  A boulder beetle (D)
  3 hydras (D)
  A centaur warrior (D)
  An ogre mage (D)
  A death yak (D)
  A deep elf pyromancer (D)
  2 orc knights (D)
  4 cyclopes (D)
  A cane toad (D)
  A gargoyle (D)
  A komodo dragon (D)
  A rime drake (D)
  A polar bear (D)
  2 blink frogs (D)
  2 slime creatures (D)
  3 wraiths (D)
  Eustachio (D)
  A basilisk (D)
  3 yaks (D)
  7 water moccasins (D)
  4 orc warriors (D)
  An ice beast (D)
  7 black bears (D)
  A kobold brigand (D)
  A bullfrog (D)
  A killer bee (D)
  2 hounds (D)
  3 orc priests (D)
  An iguana (D)
  5 orc wizards (D)
  An adder (D)
  4 orcs (D)
  An endoplasm (D)
  A hobgoblin (D)
  A kobold (D)
  2 rats (D)
75 creatures vanquished.

Vanquished Creatures (collateral kills)
  A stone giant (D)
  A hydra (D)
  4 ogre magi (D)
  A spriggan air mage (D)
  A death knight (D)
  2 deep trolls (D)
  A manticore (D)
  5 trolls (D)
  A vampire mosquito (D)
  7 orc warriors (D)
  An orc wizard (D)
25 creatures vanquished.

Grand Total: 100 creatures vanquished

Notes
Turn   | Place    | Note
-------+----------+-------------------------------------------
     0 | D        | 112233 the Troll Gladiator began the quest for the Orb.
     0 | D        | Reached XP level 1. HP: 19/19 MP: 0/0
     6 | D        | Reached skill level 3 in Maces & Flails
    12 | D        | Reached skill level 4 in Maces & Flails
    18 | D        | Noticed an ice beast
    18 | D        | Noticed a hound
    18 | D        | Noticed an iguana
    18 | D        | Noticed a hound
    25 | D        | HP: 1/28 [ice beast (13)]
    26 | D        | Killed an ice beast
    27 | D        | Reached skill level 8 in Maces & Flails
    27 | D        | Reached XP level 2. HP: 3/27 MP: 1/1
    27 | D        | Reached XP level 3. HP: 4/33 MP: 2/2
    27 | D        | Reached XP level 4. HP: 5/41 MP: 3/3
    33 | D        | Reached skill level 9 in Maces & Flails
    36 | D        | Reached skill level 10 in Maces & Flails
    36 | D        | Reached XP level 5. HP: 10/48 MP: 4/4
   182 | D        | Found a snail-covered altar of Cheibriados.
   182 | D        | Found a shadowy altar of Dithmenos.
   182 | D        | Found a white marble altar of Elyvilon.
   182 | D        | Found a blossoming altar of Fedhas.
   182 | D        | Found an opulent altar of Gozag.
   183 | D        | Found a hazy altar of Hepliaklqana.
   184 | D        | Found a viscous altar of Jiyva.
   185 | D        | Found an ancient bone altar of Kikubaaqudgha.
   186 | D        | Found a corrupted altar of Lugonu.
   187 | D        | Found a burning altar of Makhleb.
   188 | D        | Found a sparkling altar of Nemelex Xobeh.
   189 | D        | Found an iron altar of Okawaru.
   190 | D        | Found a stormy altar of Qazlal.
   191 | D        | Found a sacrificial altar of Ru.
   192 | D        | Found a shimmering blue altar of Sif Muna.
   193 | D        | Found a bloodstained altar of Trog.
   194 | D        | Found a hide-covered altar of Uskayaw.
   195 | D        | Found a radiant altar of Vehumet.
   196 | D        | Found an ornate altar of the Wu Jian Council.
   197 | D        | Found a shimmering altar of Xom.
   198 | D        | Found a basalt altar of Yredelemnul.
   199 | D        | Found a glowing silver altar of Zin.
   200 | D        | Found a glowing golden altar of the Shining One.
   208 | D        | Became a worshipper of the Shining One
   209 | D        | Found the +5 demon whip "Spellbinder" {antimagic, Will+}
   227 | D        | Noticed a yak
   227 | D        | Noticed a yak
   227 | D        | Reached * piety under the Shining One
   227 | D        | Noticed an orc warrior
   227 | D        | Noticed a yak
   238 | D        | Killed a yak
   239 | D        | Reached skill level 11 in Maces & Flails
   239 | D        | Reached XP level 6. HP: 23/62 MP: 1/5
   256 | D        | Killed a yak
   257 | D        | Reached skill level 5 in Fighting
   257 | D        | Reached skill level 5 in Dodging
   257 | D        | Reached XP level 7. HP: 46/72 MP: 2/6
   261 | D        | Reached skill level 12 in Maces & Flails
   275 | D        | Killed a yak
   436 | D        | Noticed a cyclops
   436 | D        | Noticed a centaur warrior
   436 | D        | Noticed a slime creature
   436 | D        | Reached ** piety under the Shining One
   436 | D        | Noticed a slime creature
   436 | D        | Noticed a gargoyle
   436 | D        | Noticed a deep elf pyromancer
   442 | D        | Noticed a fire elemental
   442 | D        | Killed a cyclops
   443 | D        | Reached XP level 8. HP: 62/87 MP: 7/7
   456 | D        | Killed a deep elf pyromancer
   457 | D        | Reached skill level 13 in Maces & Flails
   461 | D        | Killed a centaur warrior
   462 | D        | Reached skill level 14 in Maces & Flails
   462 | D        | Reached XP level 9. HP: 27/97 MP: 8/8
   742 | D        | Killed a gargoyle
  1073 | D        | Reached *** piety under the Shining One
  1073 | D        | Noticed a cane toad
  1074 | D        | Noticed a six-headed hydra
  1078 | D        | Reached skill level 1 in Invocations
  1085 | D        | Reached skill level 10 in Dodging
  1089 | D        | Killed a six-headed hydra
  1089 | D        | Killed a cane toad
  1090 | D        | Reached skill level 10 in Fighting
  1090 | D        | Reached skill level 15 in Maces & Flails
  1090 | D        | Reached XP level 10. HP: 23/111 MP: 8/12
  1336 | D        | Reached **** piety under the Shining One
  1337 | D        | Noticed a six-headed hydra
  1340 | D        | Noticed a death yak
  1349 | D        | Reached skill level 5 in Invocations
  1352 | D        | Noticed a five-headed hydra
  1352 | D        | Reached ***** piety under the Shining One
  1353 | D        | Killed a six-headed hydra
  1366 | D        | Killed a death yak
  1781 | D        | Killed a five-headed hydra
  1954 | D        | Reached skill level 16 in Maces & Flails
  1959 | D        | Reached XP level 11. HP: 119/120 MP: 11/15
  2113 | D        | Reached ****** piety under the Shining One
  2263 | D        | Noticed an orc knight
  2275 | D        | Noticed an orc knight
  2282 | D        | Killed an orc knight
  2300 | D        | Killed an orc knight
  2323 | D        | Reached skill level 5 in Throwing
  2341 | D        | Found Hyanaut's Jewellery Emporium.
  2341 | D        | Noticed an ogre mage
  2341 | D        | Noticed an ogre mage
  2341 | D        | Noticed a stone giant
  2345 | D        | Killed an ogre mage
  2348 | D        | Killed an ogre mage
  2350 | D        | Killed a stone giant
  2352 | D        | Noticed a deep troll
  2361 | D        | Killed a deep troll
  2382 | D        | Noticed an ogre mage
  2384 | D        | Found Ilacatwi's Antique Armour Shoppe.
  2388 | D        | Killed an ogre mage
  2389 | D        | Reached skill level 17 in Maces & Flails
  2389 | D        | Found Heji Eniosta's Antique Armour Emporium.
  2396 | D        | Found Porey's Antique Armour Shoppe.
  2399 | D        | Noticed an ogre mage
  2399 | D        | Noticed a deep troll
  2400 | D        | Noticed an ogre mage
  2405 | D        | Killed an ogre mage
  2407 | D        | Killed a deep troll
  2408 | D        | Killed an ogre mage
  2409 | D        | Reached XP level 12. HP: 116/136 MP: 18/18
  2444 | D        | Bought a polished cloak for 256 gold pieces
  2444 | D        | Identified the -1 cloak of the Evening Star {Dex+5} (You
                  | bought it in a shop in the Dungeon)
  2457 | D        | Bought a +6 ring of strength for 504 gold pieces
  2512 | D        | Noticed Eustachio
  2518 | D        | Killed Eustachio
  2537 | D        | Noticed Josephine
  2546 | D        | Killed Josephine
  2547 | D        | Reached skill level 10 in Invocations
  2619 | D        | Found the +8 storm bow {elec, penet}
  2705 | D        | Noticed a boulder beetle
  2705 | D        | Noticed a five-headed hydra
  2705 | D        | Noticed a death knight
  2709 | D        | Reached skill level 1 in Armour
  2721 | D        | Killed a boulder beetle
  2721 | D        | Noticed a spriggan air mage
  2727 | D        | Killed a five-headed hydra
  2732 | D        | Noticed a vampire knight
  2732 | D        | Killed a death knight
  2735 | D        | Noticed a fire giant
  2736 | D        | Noticed a rakshasa
  2743 | D        | Noticed a frost giant
  2748 | D        | Killed a spriggan air mage
  2754 | D        | HP: 2/136 [vampire knight/+2 war axe (24)]
  2758 | D        | Mangled by a vampire knight

Illustrated notes

Levels and vault maps discovered:
D:        linesprint [early_d, line_temple, items_1, d_10, items_2, lair_1,
          lair_end, items_3, orc_1, orc_end, items_4, d_15, swamp_1, shoals_1,
          snake_1, spider_1, d_20, vaults_1, items_5, swamp_end, shoals_end,
          snake_end, spider_end, vaults_end, d_27, items_6, zot_1, zot_end,
          crypt_end, forest_end, elf_end, slime_end, tomb_end, abyss_end,
          pan_hell_end]

Skill      XL: |  1  2  3  4  5  6  7  8  9 10 11 12 |
---------------+-------------------------------------+-----
Maces & Flails | 8 10 11 12 14 15 16 17 | 17.7
Fighting       | 3 5 7 8 10 11 13 | 13.6
Dodging        | 4 5 7 9 10 11 13 | 13.7
Invocations    | 4 7 9 10 | 10.8
Throwing       | 3 7 |  7.9
Armour         | 4 |  4.9

Action                   |  1- 3 |  4- 6 |  7- 9 | 10-12 || total
-------------------------+-------+-------+-------+-------++-------
Melee: Flail             |    15 |    38 |    18 |       ||    71
       Dire flail        |       |       |    52 |   177 ||   229
Throw: Large rock        |       |       |       |     2 ||     2
Invok: Divine Shield     |       |     1 |       |     6 ||     7
       Summon Divine War |       |       |       |     3 ||     3
Evoke: Wand              |       |       |     4 |     4 ||     8
  Use: Potion            |     1 |     2 |     2 |     7 ||    12
       Scroll            |       |       |       |     7 ||     7
Armor: Robe              |     3 |     2 |     8 |     5 ||    18
       Pearl dragon scal |       |       |       |     3 ||     3
       Troll leather arm |       |       |       |     1 ||     1
Dodge: Dodged            |     3 |     8 |    28 |    73 ||   112
Block: Other             |       |     2 |     2 |    34 ||    38
